Nid, lawful female human Samurai +# ------------- # +.[.........| # |...........| ## |...........| ######### ----------.--# +.........<.| # |`.........`.## -------.----- # |.....`.....|## ### #### |...-----...|# # # # #----- |...|.{.|...|############# ### #|...d@f############# |..`|{.{|`..| -----# # #|...| # |...|.{.|...- ..%..|############## ## #....| ##-...-.---%..| ....# ---.--|- ----- |.....`.....| |..[. `#.......| |`.........`| ----- |......| ------------- |......| -------- Nid the Ronin Experience level: 5 Strength: 12 Dexterity: 15 Constitution: 18 Intelligence: 11 Wisdom: 11 Charisma: 8 Health: 0(52) Energy: 25(25) Def: 6 Gold: 764 Moves: 2215 Dungeon seed: M1-RhJvYr_27hq4O Game ID: Nid_1510419675 Your Inventory: Coins $ - 764 gold pieces Weapons a - a +0 katana (weapon in hand) b - a +0 wakizashi (alternate weapon; not wielded) c - a +0 yumi d - 40 +0 ya (in quiver) Armor e - an uncursed rustproof +0 splint mail (being worn) n - an uncursed -5 helm of opposite alignment Comestibles q - an uncursed gunyoki Scrolls l - a cursed scroll of identify named possably cursed o - an uncursed scroll of confuse monster Potions f - a blessed potion of oil h - an uncursed potion of levitation p - an uncursed potion of sake r - a potion of unholy water Rings k - an uncursed ring of stealth (on left hand) Wands m - a wand of light (0:15) Tools g - an uncursed blindfold Spells and supernatural/magical abilities: Name Level Category Fail Memory W - pray for help -- divine ? -- Your skills at the end: Fighting Skills martial arts [Basic] Weapon Skills short sword [Basic] long sword [Basic] bow [Basic] Spellcasting Skills Final Attributes: You were devoutly aligned. You were cold resistant. You were poison resistant. You were telepathic. You were stealthy. You were fast. You are dead. Vanquished creatures: 2 giant spiders a plains centaur 2 rock piercers a gray ooze 2 floating eyes a kobold shaman 2 hill orcs a rothe an iguana an acid blob a hobbit 2 giant rats a cave spider a brown mold 9 garter snakes 2 geckos a jackal 3 goblins 6 grid bugs 2 lichens a kobold zombie 7 newts 50 creatures vanquished. Voluntary challenges: You had been an atheist until turn 1998. You used a wielded weapon 73 times, starting on turn 3. You read items or engraved 1 time, starting on turn 2047. You never genocided any monsters. You never polymorphed an object. You never changed form. You used no wishes. You never split a pudding. You never wrote Elbereth's name. You violated your moral code, losing 20 points of alignment, starting on turn 529. Dungeon overview: The Dungeons of Doom: levels 1 to 8 Level 1 a fountain a long staircase Level 2 a sink Level 3 some fountains Level 4 Level 5 Level 6 a scroll shop, a fountain, a sink Level 7 Level 8 <- You were here many fountains History has recorded: On T:1 you entered the Dungeons of Doom to retrieve the Amulet of Yendor! On T:306 you reached level 2 of The Dungeons of Doom. On T:368 you advanced to experience level 2. On T:472 you reached level 3 of The Dungeons of Doom. On T:606 you advanced to experience level 3. On T:714 you reached level 4 of The Dungeons of Doom. On T:1023 you reached level 5 of The Dungeons of Doom. On T:1184 you reached level 6 of The Dungeons of Doom. On T:1548 you advanced to experience level 4. On T:1606 you reached level 7 of The Dungeons of Doom. On T:1789 you advanced to experience level 5. On T:1925 you reached level 8 of The Dungeons of Doom. Score breakdown: Gold: 764 ( 9809 points) Experience: 5 levels (11141 points) Exploration: 8 levels ( 16.33%) (11456 points) Discoveries: 4 items ( 1.63%) ( 3825 points) Valuables value: (no points given unless you survive) Artifact value: 0 ( 0 points) Variety of kills: 22 monsters ( 5.77%) ( 7208 points) Turncount: 2215 turns ( -151 points) Survival: died (score multiplied by 80%) Total score: 34630 Latest messages: You hit the floating eye. (2x) You miss the floating eye. You kill the floating eye! You try to feel what is lying here on the floor. You feel here a floating eye corpse. Never mind. You take off your blindfold. You can see! ñB eats a floating eye corpse. You see here a statue of a plains centaur. You see here a statue of a forest centaur. You see here a statue of a plains centaur. (2x) You displace ñB. You stop exploring. The kitten bites! (2x) You hit the kitten. The kitten bites! You miss the kitten. (2x) The kitten bites! (2x) You die... Final status: Sayonara Nid the Samurai, killed by a kitten... You died in The Dungeons of Doom on dungeon level 8 with 34630 points, and 764 pieces of gold, after 2215 moves. You were level 5 with a maximum of 52 hit points when you died.